 Dungeon Crawl Stone Soup version 0.28.0-43-g3370ac3207 (console) character file.

Game seed: 16981054773428050673

1554 Zeor the Shooter (level 8, -2/48 HPs)
             Began as a Tengu Hunter on Mar 14, 2022.
             Was a Believer of Okawaru.
             Slain by a water moccasin (7 damage)
             ... on level 7 of the Dungeon.
             The game lasted 00:22:04 (6106 turns).

Zeor the Shooter (Tengu Hunter)                     Turns: 6106, Time: 00:22:05

Health: -2/48      AC:  8    Str: 13    XL:     8   Next: 88%
Magic:  11/11      EV: 15    Int: 16    God:    Okawaru [**....]
Gold:   277        SH:  0    Dex: 17    Spells: 7/7 levels left

rFire   + . .      SeeInvis .   b - +1 flail (venom)
rCold   x . .      Faith    .   (no shield)
rNeg    + + +      Spirit   .   k - +0 ring mail
rPois   +          Reflect  .   (helmet restricted)
rElec   .          Harm     .   y - +0 cloak
rCorr   .          Rampage  .   v - +0 pair of gloves
Will    .....                   (boots unavailable)
Stlth   +.........              x - amulet "Seobbely" {Acrobat rPois rC- rN+++ Int+5}
HPRegen 0.16/turn               f - ring of protection from fire
MPRegen 0.12/turn               (no ring)

@: flying quickly and evasively, quick
A: beak, talons 3, nimble flight
a: Renounce Religion, Heroism


You were on level 7 of the Dungeon.
You worshipped Okawaru.
Okawaru was pleased with you.
You visited 2 branches of the dungeon, and saw 8 of its levels.

You collected 277 gold pieces.

Inventory:

Hand Weapons
 a - a +1 shortbow of flaming
 b - a +1 flail of venom (weapon)
 r - a +0 flail of draining
Missiles
 m - 50 arrows
 o - 2 curare-tipped darts (quivered)
 q - a throwing net
Armour
 k - a +0 ring mail (worn)
 n - a scarf of shadows
 v - a +0 pair of gloves (worn)
 y - a +0 cloak (worn)
Jewellery
 f - a ring of protection from fire (left hand)
 h - an amulet of regeneration
 u - a ring of fire
 w - an amulet of reflection
 x - the amulet "Seobbely" (around neck) {Acrobat rPois rC- rN+++ Int+5}
   (You acquired it on level 6 of the Dungeon)

   [amulet of the acrobat]

   It increases your evasion while moving and waiting.
   Int:       It affects your intelligence (+5).
   rC:        It makes you vulnerable to cold.
   rPois:     It protects you from poison.
   rN:        It renders you almost immune to negative energy.
Wands
 d - a wand of flame (19)
 t - a wand of mindburst (9)
 z - a wand of digging (2)
Scrolls
 c - a scroll of teleportation
 s - 2 scrolls of amnesia
Potions
 e - a potion of attraction {unknown}
 i - 3 potions of magic {unknown}
 j - a potion of brilliance {unknown}
 l - 4 potions of lignification {unknown}
 p - a potion of cancellation {unknown}


   Skills:
 + Level 3.9 Fighting
 + Level 0.4 Short Blades
 + Level 4.1 Maces & Flails
 + Level 7.7 Bows
 + Level 4.2 Armour
 * Level 5.4 Dodging
 - Level 1.6 Stealth
 + Level 0.4 Shields
 * Level 3.2 Invocations


You had 7 spell levels left.
You didn't know any spells.
Your spell library contained the following spells:

 Spells                   Type           Power      Damage    Failure   Level
 Magic Dart               Conj           0%         1d3       45%         1
 Blink                    Tloc           0%         N/A       61%         2
 Searing Ray              Conj           0%         2d4       61%         2
 Fulminant Prism          Conj/Hex       0%         3d6       99%         4
 Manifold Assault         Tloc           0%         N/A       100%        5
 Storm Form               Tmut/Air       0%         N/A       100%        7


Dungeon Overview and Level Annotations

Branches:
Dungeon (7/15)             Temple (1/1) D:4

Altars:
Ashenzari
Cheibriados
Dithmenos
Elyvilon
Fedhas
Gozag
Hepliaklqana
Kikubaaqudgha
Makhleb
Nemelex Xobeh
Okawaru
Qazlal
Ru
Sif Muna
Trog
Uskayaw
Vehumet
Wu Jian
Xom
Yredelemnul
Zin
The Shining One

Shops:
D:6 :

Annotations:
D:4 3 runed translucent doors, GilGalad's ghost, amateur DsAK


Innate Abilities, Weirdness & Mutations

You have a beak for a mouth.
You have claws for feet.
Your magical nature lets you fly swiftly and evasively.


Message History

The orc misses you.
You hear some strange, mumbled words.
A puff of flame appears from out of thin air!
The puff of flame misses you.
Things that are here:
a +0 flail; an orc corpse You're too confused to move!
The water moccasin bites you. The orc misses you. Something barely misses you.
You closely miss the water moccasin. Your kick misses the water moccasin.
The water moccasin misses you. The orc barely misses you.
You hear some strange, mumbled words.
A magic dart appears from out of thin air!
The magic dart hits you. The water moccasin misses you.
You miss the water moccasin. The water moccasin misses you.
The orc hits you with a +0 short sword. Something hits you but does no damage.
The water moccasin closely misses you.
You completely miss something. Your kick misses something.
You feel less confused. The orc closely misses you. Something hits you.
* * * LOW HITPOINT WARNING * * *
The water moccasin closely misses you.
The sky beast flickers out of sight!
The orc closely misses you. Something completely misses you.
You barely miss something. Your kick misses something.
Your peck misses something. The water moccasin barely misses you.
Something hits you but does no damage.
The water moccasin completely misses you.
The orc hits you but does no damage. Something hits you.
* * * LOW HITPOINT WARNING * * *
You closely miss the orc. You claw the orc.
The orc is heavily wounded.
The water moccasin misses you. Something hits you.
* * * LOW HITPOINT WARNING * * *
Something shocks you.
* * * LOW HITPOINT WARNING * * *
The orc closely misses you. Something hits you but does no damage.
The water moccasin closely misses you.
Unknown command.
You hit something. You claw something. Your peck misses something.
Something hits you but does no damage. The water moccasin bites you!
You die... ▒∙▒▒∙∙∙∙o∙▒▒▒ ∙∙ ∙∙∙∙∙∙∙∙∙∙∙∙ ∙∙∙∙▒∙∙∙∙∙∙∙∙(∙∙ ∙∙∙∙▒∙∙∙∙∙∙∙∙∙∙$ ∙∙∙![∙∙∙∙∙∙>∙(∙ ∙▒▒∙▒∙∙∙∙∙∙∙∙∙∙∙ ∙∙∙∙∙∙∙∙∙∙(∙∙∙∙∙ ▒∙∙∙∙<∙∙∙∙∙▒ ∙∙∙▒▒▒){Q∙∙∙∙>▒ ∙∙∙∙∙$∙So{∙∙∙∙∙∙ ∙∙∙▒∙∙∙∙∙∙∙∙∙∙∙∙ ∙∙∙∙∙∙∙∙∙∙∙∙∙∙∙∙ ∙∙∙▒▒∙∙∙∙∙∙∙∙∙∙∙ ▒▒ ▒∙∙∙∙∙∙∙∙∙∙∙ ∙∙∙∙∙∙∙∙∙∙∙∙ ∙∙▒▒∙∙∙∙∙∙∙∙∙ ▒▒▒ ▒▒▒▒∙∙∙∙$

You could see a water moccasin and an orc.

Vanquished Creatures
  Sigmund (D:6)
  Edmund (D:5)
  A water moccasin (D:6)
  A black bear (D:6)
  An ice beast (D:6)
  2 ogres
  Blork the orc (D:5)
  A gnoll sergeant (D:5)
  2 hounds (D:4)
  2 jellies (D:5)
  A bullfrog zombie (D:6)
  A centaur skeleton (D:4)
  3 orc priests
  Ijyb (D:5)
  2 orc wizards
  Natasha (twice) (D:3)
  3 iguanas (D:6)
  Robin (D:2)
  8 gnolls
  4 adders
  A white imp (D:6)
  An adder skeleton (D:4)
  A worm (D:2)
  2 dart slugs
  19 orcs
  2 endoplasms
  4 giant cockroaches
  7 goblins
  10 hobgoblins
  2 jackals (D:1)
  3 kobolds
  A quokka (D:5)
  11 ball pythons
  6 bats
  7 frilled lizards
  8 rats
124 creatures vanquished.

Notes
Turn   | Place    | Note
-------+----------+-------------------------------------------
     0 | D:1      | Zeor the Tengu Hunter began the quest for the Orb.
     0 | D:1      | Reached XP level 1. HP: 12/12 MP: 2/2
   194 | D:1      | Found a faded altar of an unknown god.
   277 | D:1      | Reached XP level 2. HP: 17/17 MP: 3/3
   336 | D:1      | Reached skill level 5 in Bows
  1002 | D:2      | Reached XP level 3. HP: 21/21 MP: 4/4
  1064 | D:2      | Noticed Robin
  1127 | D:2      | Killed Robin
  1128 | D:2      | Reached XP level 4. HP: 23/27 MP: 5/5
  1828 | D:3      | Reached skill level 1 in Armour
  2043 | D:3      | Gained mutation: Your magical nature lets you fly swiftly
                  | and evasively. [Tengu growth]
  2043 | D:3      | Reached XP level 5. HP: 18/31 MP: 6/6
  2060 | D:3      | Reached skill level 6 in Bows
  2161 | D:3      | Noticed Natasha
  2168 | D:3      | Killed Natasha
  2246 | D:3      | Noticed Natasha
  2251 | D:3      | Killed Natasha
  2426 | D:4      | Found a staircase to the Ecumenical Temple.
  2433 | D:4      | Reached XP level 6. HP: 36/36 MP: 7/7
  2461 | Temple   | Entered the Ecumenical Temple
  2768 | Temple   | Became a worshipper of Warmaster Okawaru
  3017 | D:4      | Reached skill level 1 in Maces & Flails
  3274 | D:4      | Reached skill level 1 in Invocations
  3274 | D:4      | Reached XP level 7. HP: 40/41 MP: 8/8
  3433 | D:4      | Found a runed translucent gate.
  3433 | D:4      | Found a runed translucent gate.
  3433 | D:4      | Found a runed translucent gate.
  3438 | D:4      | Noticed GilGalad's ghost (amateur DsAK)
  3622 | D:5      | Entered Level 5 of the Dungeon
  3719 | D:5      | Reached * piety under Okawaru
  3767 | D:5      | Noticed Edmund
  3776 | D:5      | Killed Edmund
  3844 | D:5      | Noticed Ijyb
  3853 | D:5      | Killed Ijyb
  3917 | D:5      | Noticed Blork the orc
  3930 | D:5      | Killed Blork the orc
  3931 | D:5      | Reached skill level 7 in Bows
  4321 | D:5      | Reached ** piety under Okawaru
  4322 | D:5      | Reached XP level 8. HP: 35/46 MP: 10/10
  5029 | D:6      | Identified a scroll of acquirement
  5029 | D:6      | Acquired the amulet "Seobbely" {Acrobat rPois rC- rN+++
                  | Int+5}
  5096 | D:6      | Found Ficakhletaf's Self-Improvement Boutique.
  5173 | D:6      | Found a glowing silver altar of Zin.
  5199 | D:6      | Reached skill level 5 in Dodging
  5384 | D:6      | Noticed Sigmund
  5408 | D:6      | Killed Sigmund
  6091 | D:7      | HP: 2/48 [orc/+0 short sword (5)]
  6106 | D:7      | Slain by a water moccasin

Illustrated notes

Levels and vault maps discovered:
D:1:      dpeg_arrival_circle_labyrinth_c, layout_basic,
          shapermc_ecumenical_altar_gd
D:2:      layout_loops_ring, nicolae_elevator_lobby_asterisk, uniq_robin
D:3:      layout_loops_cross, uniq_natasha
D:4:      layout_loops_ring, minmay_temple_entry_proselytizer,
          gammafunk_ghost_necromancy
D:5:      layout_loops_corners, corner_web_ring, uniq_blork_the_orc,
          uniq_edmund, uniq_ijyb
D:6:      layout_loops_ring, mainiacjoe_overflow_cross_hatched, corexii_shack,
          nicolae_shop_self_help, uniq_sigmund
D:7:      layout_rooms, kennysheep_generic_room_11
Temple:   compressed_dpeg_triangle_lava_temple

Skill      XL: |  1  2  3  4  5  6  7  8 |
---------------+-------------------------+-----
Bows           | 5 6 7 |  7.7
Armour         | 1 2 3 4 |  4.2
Dodging        | 3 4 5 |  5.4
Maces & Flails | 1 3 4 |  4.1
Fighting       | 3 |  3.9
Invocations    | 1 2 3 |  3.2
Short Blades   | |  0.4
Stealth        | |  1.6
Shields        | |  0.4

Action                   |  1- 3 |  4- 6 |  7- 9 || total
-------------------------+-------+-------+-------++-------
Melee: Short sword       |    39 |     3 |       ||    42
       Peck              |    10 |     7 |    12 ||    29
       Kick              |     7 |    13 |    35 ||    55
       Punch             |     1 |       |     1 ||     2
       Flail             |       |    35 |    99 ||   134
 Fire: Shortbow          |    64 |    80 |    87 ||   231
Invok: Heroism           |       |       |     1 ||     1
  Use: Potion            |     4 |       |     3 ||     7
       Scroll            |     2 |     3 |     7 ||    12
 Stab: Sleeping          |       |       |     2 ||     2
Armor: Leather armour    |    14 |     1 |       ||    15
       Ring mail         |       |     8 |    34 ||    42
Dodge: Dodged            |    33 |    33 |   123 ||   189
Block: Other             |       |       |     4 ||     4
